 BcadrenCrawl: Boulder Brew version 0.06-272-g04a409949d (webtiles) character file.

Game seed: 12427108145330219250, levelgen mode: deterministic

4 MisterOstroum the Sneak (level 1, -2/9 HPs) Octopode Vine Stalker. Began on Sept 3, 2022. Slain by a hobgoblin ... wielding a +0 club (6 damage) ... on level 1 of the Dungeon. The game lasted 00:01:19 (159 turns).

MisterOstroum the Sneak (Octopode Vine Stalker)      Turns: 159, Time: 00:01:19

Health: -2/9       AC:  1    Str: 12    XL:     1 ^: 3
Magic:  0/4        EV: 14    Int: 13    God:
Gold:   10         SH:  0    Dex: 11    Spells: 1/2 levels left

rFire    . . .     Slash    x   a - +1 dagger
rCold    . . .     Pierce   .   (no weapon)
rNeg     . . .     Bludgeon .   (helmet restricted)
rCorr    . . .     Vision   .   (no amulet)
rPois    .         Gourm    .   (no ring)
rElec    .         Faith    .   (no ring)
MR       .....     Spirit   +   (no ring)
HPRegen  0.13/turn Reflect  .   (no ring)
MPRegen  0.14/turn Harm     .   (no ring)
Stlth    +++++.....             (no ring)
                                (no ring)
                                (no ring)

@: no status effects
A: almost no armour, stealthy swim, amphibious, 8 rings, constrict 8, fangs,
camouflage 1, magic shield, antimagic bite, no potion heal, rot immunity, soft
flesh, AC +1
a: no special abilities


You were on level 1 of the Dungeon.
You were not hungry.

You visited 1 branch of the dungeon, and saw 1 of its levels.

You collected 10 gold pieces.

Inventory:

Weapons
 a - a +1 dagger (weapon)
Comestibles
 b - 4 chunks of flesh
 e - 4 rations


   Skills:
 - Level 1.0 Fighting
 - Level 2.1 Short Blades
 - Level 3.2 Dodging
 - Level 5.3 Stealth
 - Level 1.2 Spellcasting
 + Level 2.3 Hexes


You had one spell level left.
You knew the following spells:

 Your Spells              Type           Power        Failure   Level  Hunger
a - Magic Candle          Hex/Fire       3 (90)       17%         1    25-45

Your spell library contained the following spells:

 Spells                   Type           Power        Failure   Level  Hunger
 Ensorcelled Hibernation Hex/Ice 3 (50) 26% 2 65-105 Confuse Hex 6 (100) 32% 3 105-165 Tukima's Dance Hex 6 (100) 32% 3 105-165 Blinding Spray Hex/Pois 3 (50) 45% 3 105-165 Fulminant Prism Hex            6 (200)      71%         4    185-285


Dungeon Overview and Level Annotations

Branches:
Dungeon (1/8)

Altars:


Innate Abilities, Weirdness & Mutations

You cannot wear most types of armour.
You are very stealthy in the water. (Stealth+)
Your gelatinous body is resilient. (AC +1, EV +1)
You are amphibious.
You can wear up to eight rings at the same time.
You can use your tentacles to constrict six enemies at once.
You have razor-sharp fangs.
Your skin changes colour to match your surroundings (Stealth++).
When hurt, damage is shared between your health and your magic reserves.
Your bite disrupts and absorbs the magic of your enemies.
Potions cannot restore your health.
You are immune to rotting.
Your soft flesh is weak to deep cuts.
Heavy manmade armour will nullify this weakness. (rSlashing-)


Message History

You see here a rat corpse.
You butcher the rat corpse.
b - a chunk of flesh You see here a rat skeleton.
You see here a bat corpse.
You butcher the bat corpse.
b - 2 chunks of flesh (gained 1)
You see here a bat skeleton.
You see here a hobgoblin corpse.
There isn't anything here!
You see here a hobgoblin corpse.
You butcher the hobgoblin corpse.
b - 4 chunks of flesh (gained 2)
You see here a hobgoblin skeleton.
Unknown command.
HP restored.
e - 4 rations (gained 1)
You see here a scroll of random uselessness.
You see here a +0 centaur barding.
Found an escape hatch in the floor.
There is an escape hatch in the floor here.
A kobold comes into view.
A kobold is nearby!
A kobold is nearby!
Aiming:
a - a +1 dagger, Range: 7 (75%)
Press: ? - help, Shift-Dir - straight line, f - kobold
Aim: a kobold, wielding a +0 short sword (88%, 88% to-hit, healthy (4/4), 81% (Melee), hasn't noticed you)
You pick up a bone and throw it.
The kobold shouts!
The bone hits the kobold but does no damage.
The kobold is healthy. (4/4) HP The kobold drinks a potion.
The kobold suddenly seems more agile.
The kobold hits you with a +0 short sword (4).
You hit the kobold but do no damage. You tentacle-slap the kobold (1).
You grab the kobold. Your bite misses the kobold.
You smack the kobold, but do no damage.
The kobold is moderately wounded. (3/4) HP You constrict the kobold, but do no damage.
The kobold hits you with a +0 short sword (4).
You hit the kobold (1).
You tentacle-slap the kobold but do no damage.
You squeeze the kobold (1).
You slap the kobold, but do no damage.
The kobold is severely wounded. (1/4) HP You constrict the kobold (1).
You kill the kobold!
Things that are here:
a +0 short sword; a kobold corpse The kobold corpse isn't edible.
You start waiting.
Magic restored.
You open the door.
A hobgoblin comes into view.
There is an open door here.
There is an open door here.
You close the door.
You start waiting.
A hobgoblin opens the door.
You close the door.
A hobgoblin opens the door.
You close the door.
A hobgoblin opens the door.
You close the door.
A hobgoblin opens the door.
You close the door.
A hobgoblin opens the door.
You close the door.
A hobgoblin opens the door.
You close the door.
A hobgoblin opens the door.
You close the door.
A hobgoblin opens the door.
You close the door.
A hobgoblin opens the door.
You close the door.
A hobgoblin opens the door.
You close the door.
A hobgoblin opens the door.
You close the door.
A hobgoblin opens the door.
You close the door.
A hobgoblin opens the door.
You close the door.
A hobgoblin opens the door.
You close the door.
A hobgoblin opens the door.
As you close the door, it creaks loudly!
A hobgoblin opens the door.
Casting: Magic Candle (safe; 17% risk of failure)
Confirm with . or Enter, or press ? or * to list all spells.
Aiming: Magic Candle (safe; 17% risk of failure)
Press: ? - help, Shift-Dir - straight line, f - hobgoblin
Aim: a hobgoblin, wielding a +0 club (92%, 92% to-hit, healthy (5/5), 77% (Melee), 71% (Ranged))
The magic candle hits the hobgoblin.
The magic candle sticks upon the hobgoblin The hobgoblin is healthy. (5/5) HP You barely miss the hobgoblin.
You tentacle-slap the hobgoblin but do no damage.
Your grab misses the hobgoblin. Your bite misses the hobgoblin.
Your thwack misses the hobgoblin.
The hobgoblin is healthy. (5/5) HP The hobgoblin hits you with a +0 club (6).
Ouch! That really hurt!
You barely miss the hobgoblin. You tentacle-slap the hobgoblin (1).
Your grab misses the hobgoblin. Your squeeze misses the hobgoblin.
Your slap misses the hobgoblin. Your thwack misses the hobgoblin.
The hobgoblin is moderately wounded. (4/5) HP The hobgoblin closely misses you.
You barely miss the hobgoblin.
You tentacle-slap the hobgoblin but do no damage.
Your grab misses the hobgoblin. Your bite misses the hobgoblin.
The hobgoblin is moderately wounded. (4/5) HP The hobgoblin hits you with a +0 club (8)!
Ouch! That really hurt!
You die...

# #######.#8.#
######. #..........#
......####8..8).8...#
#####....'.........<#
......####8..8..8...#
#####....#..........#
.. #.##.#######.#8.#
#.# #.# # #g#### #.#
#.# #@##.. #.# #.#
#.##.# # #.# #.# .#
#.##.# .# #.###.##.#
#.##.######..#
.........#
#.#......)...#
#.....##.#
##.#..#######.#
#.#.####.# #.....#
#.#......#
######.######
#.######.#
#.............


You could see a hobgoblin.

Vanquished Creatures
  A bat (D:1)
  A hobgoblin (D:1)
  A kobold (D:1)
  A rat (D:1)
4 creatures vanquished.

Notes
Turn   | Place    | Note
-------+----------+-------------------------------------------
     0 | D:1      | MisterOstroum the Octopode Vine Stalker began the quest for
                  | the Orb.
     0 | D:1      | Reached XP level 1. HP: 7/7 MP: 4/4
    43 | D:1      | Reached skill level 1 in Fighting
   159 | D:1      | Slain by a hobgoblin

Levels and vault maps discovered:
D:1:      elethiomel_arrival_quiet, layout_loops_ring, first_ration,
          minmay_unequal

Skill      XL: |  1 |
---------------+----+-----
Fighting       | 1 |  1.0
Short Blades   | |  2.1
Dodging        | |  3.2
Stealth        | |  5.3
Spellcasting   | |  1.2
Hexes          | |  2.3

Action                   || total
-------------------------++-------
Melee: Dagger            ||     9
       Unarmed           ||     9
       Constrict         ||     3
       Bite              ||     2
       Pseudopods        ||     1
       Tentacle Squeeze  ||     1
       Tentacle Slap     ||     1
Throw: Bone              ||     1
 Cast: Magic Candle      ||     1
Dodge: Dodged            ||     2
